 Dungeon Crawl Stone Soup version 0.26-a0-597-gb535b0901c (webtiles) character file.

Game seed: 10067880938301574429

15264 hello1 the Grappler (level 11, -4/172 HPs)
             Began as a Troll Berserker on Sept 1, 2020.
             Was a High Priest of Trog.
             Slain by an orc warrior
             ... wielding a +0 halberd
             ... led by an orc high priest
              (16 damage)
             ... on level 1 of the Orcish Mines.
             The game lasted 00:26:49 (10053 turns).

hello1 the Grappler (Troll Berserker)              Turns: 10053, Time: 00:26:50

Health: -4/172     AC: 10    Str: 30    XL:     11   Next: 99%
Magic:  0/10       EV: 13    Int:  9    God:    Trog [*****.]
Gold:   842        SH:  0    Dex:  9    Spells: 10/10 levels left

rFire    . . .     SeeInvis .     - Unarmed
rCold    + . .     Faith    .   (no shield)
rNeg     . . .     Spirit   +   H - +2 robe {rC+}
rPois    .         Reflect  .   n - +1 hat
rElec    .         Harm     .   a - +0 cloak
rCorr    .                      (gloves unavailable)
MR       +....                  (boots unavailable)
Stlth    ..........             o - amulet of guardian spirit
HPRegen  0.78/turn              l - ring of protection from magic
MPRegen  0.12/turn              w - +6 ring of intelligence

@: berserking, very quick
A: large, unfitting armour, claws 3, regeneration 1, shaggy fur 1, tough skin 3
a: Berserk, Trog's Hand, Brothers in Arms, Renounce Religion


You were on level 1 of the Orcish Mines.
You worshipped Trog.
Trog was extremely pleased with you.
You visited 2 branches of the dungeon, and saw 12 of its levels.

You collected 842 gold pieces.

Inventory:

Missiles
 A - a throwing net (quivered) {!f}
 F - 4 large rocks
Armour
 a - a +0 cloak (worn)
 n - a +1 hat (worn)
 H - a +2 robe of cold resistance (worn)
 L - a +1 pair of gloves
 M - the cursed +0 barding of Courage {Dex+2, unknown}
   (You found it on level 9 of the Dungeon)

   It affects your dexterity (+2).
   It has a curse placed upon it.
Jewellery
 l - a ring of protection from magic (left claw)
 o - an amulet of guardian spirit (around neck)
 w - a +6 ring of intelligence (right claw)
Wands
 c - a wand of disintegration (12)
 d - a wand of iceblast (10)
 u - a wand of paralysis (13)
 v - a wand of digging (5)
 x - a wand of acid (11)
 K - a wand of polymorph (8)
Scrolls
 b - 2 scrolls of identify {@r1}
 e - 3 scrolls of blinking
 f - 2 scrolls of enchant armour
 g - 7 scrolls of remove curse {@r2}
 j - 4 scrolls of immolation {!r}
 k - 10 scrolls of teleportation {@r4}
 m - 3 scrolls of fog
 q - a scroll of brand weapon
 t - 2 scrolls of magic mapping
 E - a scroll of fear
Potions
 h - a potion of cancellation
 i - 6 potions of curing {@q1}
 p - 2 potions of brilliance
 r - 2 potions of might {unknown}
 s - a potion of ambrosia
 y - 3 potions of haste {@q3}
 z - a potion of invisibility
 B - 2 potions of flight {unknown}
 C - a potion of lignification {!q}
 D - 2 potions of degeneration {unknown}
 G - a potion of magic {unknown}
 I - a potion of mutation {unknown}
 J - a potion of heal wounds {unknown}


   Skills:
 + Level 9.2 Fighting
 + Level 9.2 Dodging
 + Level 13.0 Unarmed Combat


You had 10 spell levels left.
You didn't know any spells.
Your spell library was empty.

Dungeon Overview and Level Annotations

Branches:
Dungeon (11/15)            Temple (0/1) D:5            Lair (0/6) D:10
    Orc (1/2) D:9

Altars:
Cheibriados
Elyvilon
Fedhas
Hepliaklqana
Makhleb
Okawaru
Sif Muna
Trog
Wu Jian
Xom
Zin
Beogh


Innate Abilities, Weirdness & Mutations

You are too large for most types of armour.
You have claws for hands.
Your natural rate of healing is unusually fast.
You are covered in fur. (AC +1)
You have extremely tough skin. (AC +3)


Message History

The sun demon barely misses you. The orc barely misses you.
You closely miss the sun demon.
The sun demon is heavily wounded.
The orc warrior hits you from afar with a +0 halberd!!
The hellwing closely misses you. x2; The sun demon hits you!
You are engulfed in flames!!
* * * LOW HITPOINT WARNING * * *
You are too injured to fight recklessly!
You are too injured to fight recklessly!
You are too injured to fight recklessly!
You are too injured to fight recklessly!
You are too injured to fight recklessly!
You are too injured to fight recklessly!
A red film seems to cover your vision as you go berserk!
You feel yourself moving faster!
You feel mighty! The sun demon hits you!
* * * LOW HITPOINT WARNING * * *
You are engulfed in flames!!
* * * LOW HITPOINT WARNING * * *
The orc warrior hits you from afar with a +0 halberd!
You die...

# ## ######### ##
##.##.##..#.##.## ##...
##...............##.....
#....o4#......>.##......
......3@.$..............
#....4oo........^.......
...#.#.#................
# #...#.................
##.###.....##.........
#.# #.^.....##...#....
... #..............#.#.
.. ............#...###
...........#.)...


You could see an orc high priest, a sun demon (summoned), a hellwing (summoned),
a chaos spawn (summoned), an orc warrior and an orc.

Vanquished Creatures
  3 two-headed ogres
  Nergalle (D:10)
  A fire crab (D:6)
  An unseen horror (D:11)
  Pikel (D:8)
  A cyclops (D:11)
  A manticore (D:11)
  Joseph (D:9)
  Psyche (D:8)
  A centaur skeleton (D:11)
  A kobold demonologist (D:11)
  A komodo dragon (D:10)
  The ghost of p0werm0de the Skirmisher, an amateur MiFi (D:6)
  A hornet (D:11)
  2 trolls (D:9)
  3 hippogriffs
  A wyvern (D:11)
  6 yaks (D:9)
  2 wargs (D:9)
  A soldier ant (D:10)
  12 orc warriors
  2 phantoms
  2 ice beasts
  A sky beast (D:5)
  A black bear (D:6)
  8 ogres
  2 centaurs
  A lemure (D:8)
  5 big kobolds
  5 bullfrogs
  4 scorpions
  6 killer bees (D:9)
  9 wights
  A howler monkey (D:5)
  A centaur zombie (D:3)
  6 hounds
  A jelly (D:10)
  16 orc wizards
  16 orc priests
  2 bullfrog skeletons
  3 iguanas
  6 worker ants
  A killer bee zombie (D:4)
  2 hound zombies (D:10)
  2 hound skeletons
  A howler monkey zombie (D:5)
  6 gnolls
  9 adders
  A shadow imp (D:7)
  2 white imps
  An ufetubus (D:3)
  An adder zombie (D:5)
  5 dart slugs (D:1)
  6 leopard geckos
  52 orcs
  4 giant cockroaches
  7 goblins
  8 hobgoblins
  9 jackals
  3 quokkas
  6 bats
  7 frilled lizards
  21 kobolds
  A leopard gecko skeleton (D:2)
  A quokka skeleton (D:5)
  2 quokka zombies
  8 rats
307 creatures vanquished.

Vanquished Creatures (collateral kills)
  The ghost of HunterMK the Thaumaturge, a journeyman DECj of Vehumet (D:10)
  A warg (D:10)
  An orc priest (D:10)
  4 orcs (D:10)
7 creatures vanquished.

Vanquished Creatures (others)
  38 plants (D:2)
38 creatures vanquished.

Grand Total: 352 creatures vanquished

Notes
Turn   | Place    | Note
-------+----------+-------------------------------------------
     0 | D:1      | hello1 the Troll Berserker began the quest for the Orb.
     0 | D:1      | Reached XP level 1. HP: 22/22 MP: 0/0
   119 | D:1      | Reached XP level 2. HP: 29/29 MP: 1/1
   258 | D:1      | Reached skill level 4 in Unarmed Combat
   279 | D:1      | Reached XP level 3. HP: 36/36 MP: 2/2
   501 | D:1      | Reached ** piety under Trog
   649 | D:2      | Reached XP level 4. HP: 44/44 MP: 3/3
   728 | D:2      | Reached skill level 5 in Unarmed Combat
  1075 | D:2      | Found a hazy altar of Hepliaklqana.
  1417 | D:3      | Found a snail-covered altar of Cheibriados.
  1596 | D:3      | Found a shimmering altar of Xom.
  1597 | D:3      | Found a blossoming altar of Fedhas.
  1604 | D:3      | Found an ornate altar of the Wu Jian Council.
  1609 | D:3      | Found a white marble altar of Elyvilon.
  1609 | D:3      | Found a shimmering blue altar of Sif Muna.
  1635 | D:3      | Reached XP level 5. HP: 50/50 MP: 4/4
  1679 | D:3      | Reached *** piety under Trog
  1898 | D:4      | Reached skill level 6 in Unarmed Combat
  1911 | D:4      | Noticed an ogre
  1921 | D:4      | Killed an ogre
  1924 | D:4      | Reached XP level 6. HP: 59/59 MP: 5/5
  1925 | D:4      | Reached skill level 7 in Unarmed Combat
  2031 | D:4      | Found a burning altar of Makhleb.
  2056 | D:4      | Found a bloodstained altar of Trog.
  2417 | D:5      | Entered Level 5 of the Dungeon
  2442 | D:5      | Reached skill level 8 in Unarmed Combat
  2472 | D:5      | Found a staircase to the Ecumenical Temple.
  2475 | D:5      | Reached XP level 7. HP: 66/66 MP: 6/6
  2978 | D:5      | Found an iron altar of Okawaru.
  3440 | D:6      | Reached **** piety under Trog
  3598 | D:6      | Found a glowing silver altar of Zin.
  3689 | D:6      | Reached skill level 9 in Unarmed Combat
  3689 | D:6      | Reached XP level 8. HP: 71/75 MP: 7/7
  3830 | D:6      | Found an iron altar of Okawaru.
  3977 | D:6      | Found a transporter.
  3977 | D:6      | Noticed p0werm0de's ghost (amateur MiFi)
  3979 | D:6      | Noticed a fire crab
  4039 | D:6      | Found a transporter.
  4363 | D:6      | Killed p0werm0de's ghost
  4370 | D:6      | Killed a fire crab
  4370 | D:6      | Reached XP level 9. HP: 87/87 MP: 5/8
  4459 | D:7      | Reached skill level 5 in Fighting
  4459 | D:7      | Reached skill level 5 in Dodging
  4459 | D:7      | Reached skill level 10 in Unarmed Combat
  5055 | D:8      | Reached ***** piety under Trog
  5076 | D:8      | Noticed Psyche
  5078 | D:8      | Noticed a two-headed ogre
  5088 | D:8      | Killed a two-headed ogre
  5090 | D:8      | Killed Psyche
  5201 | D:8      | Noticed Pikel
  5224 | D:8      | Killed Pikel
  5224 | D:8      | Reached XP level 10. HP: 67/100 MP: 5/9
  5458 | D:8      | Reached skill level 11 in Unarmed Combat
  6621 | D:9      | Noticed Joseph
  6632 | D:9      | Killed Joseph
  6899 | D:9      | Found a staircase to the Orcish Mines.
  6937 | D:9      | HP: 5/102 [poisoned by a killer bee]
  7659 | D:9      | Noticed a two-headed ogre
  7666 | D:9      | Killed a two-headed ogre
  7666 | D:9      | Reached XP level 11. HP: 111/111 MP: 10/10
  7711 | D:10     | Entered Level 10 of the Dungeon
  7806 | D:10     | Reached skill level 12 in Unarmed Combat
  7833 | D:10     | Found a staircase to the Lair.
  7953 | D:10     | Noticed Nergalle
  7969 | D:10     | Killed Nergalle
  8092 | D:10     | Found a runed translucent gate.
  8093 | D:10     | Found a runed translucent gate.
  8093 | D:10     | Identified the cursed +1 flail of Mourning {flame, rC-
                  | Int+4 SInv}
  8096 | D:10     | Noticed HunterMK's ghost (journeyman DECj)
  8107 | D:10     | Found a runed translucent gate.
  8114 | D:10     | Found a roughly hewn altar of Beogh.
  8469 | D:10     | Killed HunterMK's ghost
  8549 | D:11     | Killed an unseen horror
  8754 | D:11     | Received a gift from Trog
  9598 | Orc:1    | Entered Level 1 of the Orcish Mines
  9728 | D:9      | Got a faintly humming barding
  9982 | Orc:1    | Noticed a two-headed ogre
  9989 | Orc:1    | Killed a two-headed ogre
  9989 | Orc:1    | Reached skill level 13 in Unarmed Combat
 10041 | Orc:1    | Noticed an orc high priest
 10046 | Orc:1    | Noticed a sun demon
 10053 | Orc:1    | Slain by an orc warrior

Illustrated notes

Levels and vault maps discovered:
D:1:      matt_arrival_spirals, layout_rooms
D:2:      layout_basic, lemuel_doored_altar, serial_bayou, serial_bayou_shore_b,
          serial_bayou_ford_a, serial_bayou_shore_b, serial_bayou_lagoon_a
D:3:      layout_rooms, grunt_temple_overflow_open, cheibriados_altar_1
D:4:      layout_rooms, old_standard_altar, trog_three_pillars_becter
D:5:      layout_loops_corners, minmay_temple_entry_stoned_glass,
          kennysheep_okawaru_gauntlet
D:6:      layout_basic, marbit_many_paths, zin_statuary, gammafunk_ghost_arena
D:7:      layout_loops_ring, hangedman_decor_peaks_small
D:8:      layout_layer_cave, uniq_psyche, uniq_pikel
D:9:      layout_gridville, minmay_orc_entry_guard_dogs, uniq_joseph
D:10:     layout_small_grid, lair_entry_dummy, biasface_ghost_orc_armoury,
          uniq_nergalle
D:11:     layout_irregular_city
Orc:1:    layout_caves

Skill      XL: |  1  2  3  4  5  6  7  8  9 10 11 |
---------------+----------------------------------+-----
Unarmed Combat | 4 5 6 8 9 10 11 13 | 13.0
Fighting       | 3 4 6 7 9 |  9.2
Dodging        | 3 4 6 7 9 |  9.2

Action                   |  1- 3 |  4- 6 |  7- 9 | 10-12 || total
-------------------------+-------+-------+-------+-------++-------
Melee: Unarmed           |    77 |   152 |   159 |   447 ||   835
       Punch             |     1 |     6 |    10 |    26 ||    43
Invok: Berserk           |     2 |     1 |     2 |     4 ||     9
       Trog's Hand       |       |       |     1 |     3 ||     4
       Brothers in Arms  |       |       |       |     1 ||     1
Evoke: Wand              |       |       |       |     1 ||     1
  Use: Scroll            |       |    11 |     2 |     6 ||    19
       Potion            |       |     2 |       |       ||     2
 Stab: Sleeping          |       |       |     2 |       ||     2
Armor: Animal skin       |    30 |    72 |    37 |       ||   139
       Robe              |       |       |       |   152 ||   152
Dodge: Dodged            |    44 |    82 |    84 |   306 ||   516

Table legend: (Time is in decaauts)
 A = Elapsed time spent in this place.
 B = Non-inter-level travel time spent in this place.
 C = Inter-level travel time spent in this place.
 D = Time resting spent in this place.
 E = Time spent auto-exploring this place.
 F = Levels seen in this place.
 G = Mean time per level.
                   A        B        C        D        E       F      G
               +--------+--------+--------+--------+--------+-----+--------+
         Total |   9961 |   9593 |    368 |     89 |   7802 |  12 |  830.1 |
       Dungeon |   9787 |   9419 |    368 |     89 |   7715 |  11 |  889.7 |
  Orcish Mines |    174 |    174 |      0 |      0 |     87 |   1 |  174.0 |
               +--------+--------+--------+--------+--------+-----+--------+

Top non-repeatable levels by time:
     D:9: 1489 daAuts
     D:8: 1448 daAuts
     D:6: 1084 daAuts
    D:11: 1013 daAuts
     D:5: 887 daAuts
     D:2: 873 daAuts
    D:10: 824 daAuts
     D:7: 624 daAuts
     D:1: 552 daAuts
     D:4: 509 daAuts
     D:3: 479 daAuts
   Orc:1: 174 daAuts
